 Dungeon Crawl Stone Soup version 0.32-a0-13-gbaedc5810e (console) character file.

Game seed: 12105147205816652239

93 Ignak the Magician (level 4, -9/32 HPs)
             Began as a Gnoll Hedge Wizard on Jan 15, 2024.
             Mangled by Robin
             ... wielding a +3 heavy mace
              (14 damage)
             ... on level 3 of the Dungeon.
             The game lasted 00:07:31 (1819 turns).

Ignak the Magician (Gnoll Hedge Wizard)             Turns: 1819, Time: 00:07:33

Health: -9/32      AC:  4    Str: 10    XL:     4   Next: 62%
Magic:  3/13       EV: 12    Int: 15    God:
Gold:   138        SH:  0    Dex: 11    Spells: 9/17 levels left

rFire   . . .        j - +0 short sword
rCold   . . .        (no shield)
rNeg    . . .        n - +0 troll leather armour
rPois   +            c - +0 hat
rElec   .            (no cloak)
rCorr   +            v - +0 pair of gloves "Legysk" {rPois}
SInv    .            (no boots)
Will    .....        (no amulet)
Stlth   ++           p - ring of resist corrosion
HPRegen 1.05/turn    (no ring)
MPRegen 0.13/turn

%: no passive effects
@: no status effects
A: fangs 1, strong nose, distributed training
a: no special abilities


You were on level 3 of the Dungeon.
You visited 1 branch of the dungeon, and saw 3 of its levels.

You collected 138 gold pieces.

Inventory:

Hand Weapons
 a - a +0 dagger
 j - a +0 short sword (weapon)
Missiles
 e - a throwing net
Armour
 c - a +0 hat (worn)
 n - a +0 troll leather armour (worn)
 v - the +0 pair of gloves "Legysk" (worn) {rPois}
   (You found it on level 3 of the Dungeon)

   rPois:     It protects you from poison
Jewellery
 p - a ring of resist corrosion (left hand)
Wands
 m - a wand of charming (10)
Scrolls
 h - a scroll of revelation {unknown}
 k - a scroll of poison {unknown}
 q - a scroll of vulnerability
 r - a scroll of fear {unknown}
 s - a scroll of teleportation
 u - a scroll of enchant weapon {unknown}
Potions
 b - a potion of resistance {unknown}
 d - 2 potions of magic
 f - a potion of haste {unknown}
 g - 2 potions of curing {unknown}
 i - a potion of enlightenment {unknown}
 l - a potion of lignification {unknown}
 o - 2 potions of mutation {unknown}
 t - a potion of might {unknown}


   Skills:
 + Level 1.2 Fighting
 + Level 1.2 Short Blades
 + Level 1.2 Long Blades
 + Level 1.2 Axes
 + Level 1.2 Maces & Flails
 + Level 1.2 Polearms
 + Level 1.2 Staves
 + Level 1.2 Ranged Weapons
 + Level 1.2 Throwing
 + Level 1.2 Armour
 + Level 4.7 Dodging
 + Level 4.3 Stealth
 + Level 1.2 Shields
 + Level 1.2 Unarmed Combat
 + Level 7.2 Spellcasting
 + Level 2.3 Conjurations
 + Level 1.0 Hexes
 + Level 2.3 Summonings
 + Level 1.0 Necromancy
 + Level 2.3 Translocations
 + Level 1.0 Fire Magic
 + Level 1.0 Ice Magic
 + Level 1.0 Air Magic
 + Level 1.0 Earth Magic
 + Level 1.0 Alchemy
 + Level 1.3 Invocations
 + Level 1.2 Evocations
 + Level 1.1 Shapeshifting


You had 9 spell levels left.
You knew the following spells:

 Your Spells              Type           Power      Damage    Failure   Level
a - Magic Dart            Conj           48%        1d5       7%          1
b - Blink                 Tloc           24%        N/A       10%         2
d - Mephitic Cloud        Conj/Alch/Air  9%         N/A       28%         3
e - Call Imp              Summ           24%        N/A       10%         2

Your spell library contained the following spells:

 Spells                   Type           Power      Damage    Failure   Level
 Slow                     Hex            32%        N/A       11%         1
 Cigotuvi's Dreadful Rot  Necr/Alch/Air  16%        N/A       17%         2


Dungeon Overview and Level Annotations

Branches:
Dungeon (3/15)

Altars:
Okawaru
Uskayaw

Annotations:
D:3 Jessica, Robin


Innate Abilities, Weirdness & Mutations

You have very sharp teeth.
Your uncanny sense of smell can sniff out nearby items.
Your experience applies equally to all skills.


Message History

The stinking cloud engulfs you. The goblin hits you but does no damage.
Something closely misses Jessica.
Unknown command.
Casting: Mephitic Cloud (quite dangerous; 28% risk of failure)
Confirm with . or Enter, or press ? or * to list all spells.
The spell is quite dangerous to miscast (28% risk of failure)!
Continue anyway?
Aiming: Mephitic Cloud (quite dangerous; 28% risk of failure)
Press: ? - help, Shift-Dir - straight line, f - you, p - Robin The ball explodes into a vile cloud!
The stinking cloud engulfs you.
The stinking cloud engulfs the goblin.
The goblin is heavily wounded.
The stinking cloud engulfs Robin.
Robin is engulfed in noxious fumes.
Robin appears confused.
Robin hits you with a +3 heavy mace!
The goblin is engulfed in noxious fumes.
The goblin appears confused.
The goblin hits something with a +0 dagger.
You hear a shout!
Unknown command.
You hit Robin but do no damage.
Robin is engulfed in noxious fumes.
Robin appears confused.
Robin hits you with a +3 heavy mace.
The goblin is engulfed in noxious fumes.
The goblin appears confused.
You hit Robin but do no damage.
The goblin is engulfed in noxious fumes.
The goblin appears confused.
The goblin hits you with a +0 dagger.
You feel a bit more experienced.
You hit Robin but do no damage.
Robin is engulfed in noxious fumes.
Robin appears confused.
Robin hits you with a +3 heavy mace!
* * * LOW HITPOINT WARNING * * *
The goblin is engulfed in noxious fumes.
The goblin appears confused.
The goblin barely misses you.
The goblin barely misses itself.
Something hits Jessica.
You barely miss Robin.
Robin is engulfed in noxious fumes.
Robin appears confused.
Something hits the hobgoblin but does no damage.
The goblin is engulfed in noxious fumes.
The goblin appears confused.
The goblin hits the hobgoblin with a +0 dagger.
Robin hits you with a +3 heavy mace!
You die...

... #@ ?... ..
....##. ......<
..#.... ###
......g## #>.
#gg###.#
......∆#§#g#
#########@# ##.##
#...# #...# ####
#...# #....
#...##..#
#...†...###.
#+####...........
#......<.....###.


You could see Robin (confused), a hobgoblin and 2 goblins.

Vanquished Creatures
  An adder (D:2)
  A ribbon worm (D:2)
  A dart slug (D:1)
  An endoplasm (D:1)
  9 goblins
  3 hobgoblins
  A jackal (D:2)
  2 quokkas (D:2)
  12 ball pythons
  3 bats
  5 frilled lizards
  5 kobolds
  5 rats
49 creatures vanquished.

Vanquished Creatures (collateral kills)
  2 adders (D:2)
  A bat (D:3)
  2 goblins
  A hobgoblin (D:1)
  A jackal (D:2)
  A quokka (D:2)
8 creatures vanquished.

Grand Total: 57 creatures vanquished

Notes
Turn   | Place    | Note
-------+----------+-------------------------------------------
     0 | D:1      | Ignak the Gnoll Hedge Wizard began the quest for the Orb.
     0 | D:1      | Reached XP level 1. HP: 13/13 MP: 8/8
   188 | D:1      | Reached XP level 2. HP: 19/19 MP: 10/10
   196 | D:1      | Learned a level 2 spell: Blink
   199 | D:1      | Learned a level 2 spell: Call Imp
   568 | D:1      | Reached XP level 3. HP: 18/25 MP: 11/11
   816 | D:1      | Learned a level 3 spell: Mephitic Cloud
   853 | D:2      | Reached skill level 1 in Invocations
  1087 | D:2      | Reached skill level 1 in Fighting
  1087 | D:2      | Reached skill level 1 in Short Blades
  1087 | D:2      | Reached skill level 1 in Long Blades
  1087 | D:2      | Reached skill level 1 in Axes
  1087 | D:2      | Reached skill level 1 in Maces & Flails
  1087 | D:2      | Reached skill level 1 in Polearms
  1087 | D:2      | Reached skill level 1 in Staves
  1087 | D:2      | Reached skill level 1 in Ranged Weapons
  1087 | D:2      | Reached skill level 1 in Throwing
  1087 | D:2      | Reached skill level 1 in Armour
  1087 | D:2      | Reached skill level 1 in Shields
  1087 | D:2      | Reached skill level 1 in Unarmed Combat
  1087 | D:2      | Reached skill level 1 in Evocations
  1138 | D:2      | Reached skill level 1 in Shapeshifting
  1138 | D:2      | Reached XP level 4. HP: 27/32 MP: 3/13
  1221 | D:2      | Found a faded altar of an unknown god.
  1418 | D:2      | Reached skill level 1 in Hexes
  1418 | D:2      | Reached skill level 1 in Necromancy
  1418 | D:2      | Reached skill level 1 in Fire Magic
  1418 | D:2      | Reached skill level 1 in Ice Magic
  1418 | D:2      | Reached skill level 1 in Air Magic
  1418 | D:2      | Reached skill level 1 in Earth Magic
  1418 | D:2      | Reached skill level 1 in Alchemy
  1712 | D:3      | Found a hide-covered altar of Uskayaw.
  1712 | D:3      | Found an iron altar of Okawaru.
  1739 | D:3      | Identified the +0 pair of gloves "Legysk" {rPois}
  1801 | D:3      | Noticed Jessica
  1811 | D:3      | Noticed Robin
  1819 | D:3      | Mangled by Robin

Illustrated notes

Levels and vault maps discovered:
D:1:      nzn_arrival_crosshair, layout_basic
D:2:      layout_loops_ring, chequers_ecumenical_altar_twisty
D:3:      layout_loops_cross, tso_altar, nicolae_overflow_two_pavilions,
          roderic_roman_lattice, st_stairs_2, dreamdust_princess_bridge,
          uniq_jessica, uniq_terence, uniq_robin, uniq_natasha

Skill      XL: |  1  2  3  4 |
---------------+-------------+-----
Conjurations   | 2 |  2.3
Summonings     | 2 |  2.3
Translocations | 2 |  2.3
Invocations    | 1 |  1.3
Fighting       | 1 |  1.2
Short Blades   | 1 |  1.2
Long Blades    | 1 |  1.2
Axes           | 1 |  1.2
Maces & Flails | 1 |  1.2
Polearms       | 1 |  1.2
Staves         | 1 |  1.2
Ranged Weapons | 1 |  1.2
Throwing       | 1 |  1.2
Armour         | 1 |  1.2
Shields        | 1 |  1.2
Unarmed Combat | 1 |  1.2
Evocations     | 1 |  1.2
Shapeshifting  | 1 |  1.1
Hexes          | 1 |  1.0
Necromancy     | 1 |  1.0
Fire Magic     | 1 |  1.0
Ice Magic      | 1 |  1.0
Air Magic      | 1 |  1.0
Earth Magic    | 1 |  1.0
Alchemy        | 1 |  1.0
Dodging        | |  4.7
Stealth        | |  4.3
Spellcasting   | |  7.2

Action                     |  1- 3 |  4- 6 || total
---------------------------+-------+-------++-------
  Melee: Dagger            |    19 |       ||    19
         Bite              |     9 |     9 ||    18
         Short sword       |   105 |    82 ||   187
         Punch             |     1 |     2 ||     3
   Cast: Magic Dart        |    11 |       ||    11
         Call Imp          |     5 |     5 ||    10
         Mephitic Cloud    |       |     3 ||     3
    Use: Scroll            |       |     2 ||     2
   Stab: Sleeping          |    12 |       ||    12
         Distracted        |     1 |       ||     1
 Armour: Robe              |    30 |       ||    30
         Troll leather arm |    36 |    59 ||    95
  Dodge: Dodged            |   102 |    84 ||   186

Table legend: (Time is in decaauts)
 A = Elapsed time spent in this place.
 B = Non-inter-level travel time spent in this place.
 C = Inter-level travel time spent in this place.
 D = Time resting spent in this place.
 E = Time spent auto-exploring this place.
 F = Levels seen in this place.
 G = Mean time per level.
                   A        B        C        D        E       F      G
               +--------+--------+--------+--------+--------+-----+--------+
         Total |   1809 |   1776 |     33 |     27 |    841 |   3 |  603.0 |
       Dungeon |   1809 |   1776 |     33 |     27 |    841 |   3 |  603.0 |
               +--------+--------+--------+--------+--------+-----+--------+

Top non-repeatable levels by time:
     D:2: 861 daAuts
     D:1: 830 daAuts
     D:3: 116 daAuts
